 Dungeon Crawl Stone Soup version 0.28.0-53-g5a82cb258f (webtiles) character file.

Game seed: 14465001019636913739

26 SanguineChosen the Skirmisher (level 2, -1/25 HPs)
             Began as a Palentonga Abyssal Knight on June 16, 2022.
             Was a Follower of Lugonu.
             Slain by a phantom (2 damage)
             ... on level 2 of the Dungeon.
             The game lasted 00:07:40 (1122 turns).

SanguineChosen the Skirmisher (PaAK)                Turns: 1122, Time: 00:07:40

Health: -1/25      AC:  4    Str: 16    XL:     2   Next: 89%
Magic:  3/3        EV:  9    Int: 10    God:    Lugonu [*.....]
Gold:   46         SH:  0    Dex: 10    Spells: 1/1 levels left

rFire   . . .      SeeInvis +   a - +1 falchion
rCold   . . .      Faith    .   (no shield)
rNeg    . . .      Spirit   .   b - +0 leather armour
rPois   .          Reflect  .   (no helmet)
rElec   .          Harm     .   (no cloak)
rCorr   .          Rampage  .   (no gloves)
Will    .....                   (no barding)
Stlth   +.........              (no amulet)
HPRegen 0.08/turn               (no ring)
MPRegen 0.08/turn               (no ring)

@: attractive, hasted, very quick
A: large, rugged brown scales 3, see invisible, deformed body, roll 1, armoured
tail
a: Rolling Charge, Renounce Religion, Depart the Abyss


You were on level 2 of the Dungeon.
You worshipped Lugonu.
Lugonu was aware of your devotion.
You visited 1 branch of the dungeon, and saw 2 of its levels.
You visited the Abyss 1 time.

You collected 46 gold pieces.

Inventory:

Hand Weapons
 a - a +1 falchion (weapon)
Armour
 b - a +0 leather armour (worn)
Scrolls
 e - a scroll of immolation {unknown}
 g - a scroll of teleportation {unknown}
Potions
 c - 2 potions of flight {unknown}
 d - a potion of resistance {unknown}
 f - a potion of attraction
 h - a potion of haste


   Skills:
 + Level 3.4 Fighting
 + Level 2.7 Long Blades
 + Level 1.7 Armour
 + Level 0.9 Dodging
 + Level 2.0 Invocations


You had one spell level left.
You didn't know any spells.
Your spell library contained the following spells:

 Spells                   Type           Power      Damage    Failure   Level
 Confusing Touch          Hex            0%         N/A       80%         3
 Yara's Violent Unravell  Hex/Tmut       0%         3d3       100%        5
 Enfeeble                 Hex            0%         N/A       100%        7


Dungeon Overview and Level Annotations

Branches:
Dungeon (2/15)

Altars:


Innate Abilities, Weirdness & Mutations

You are completely covered in rugged brown scales. (AC +3, +7% HP)
You have supernaturally acute eyesight. (SInv)
Armour fits poorly on your strangely shaped body.
You can roll at nearby foes to attack.
You have a long armoured tail.


Message History

The worm bites you but does no damage. There's nothing you can charge at!
You hit the worm.
The worm is moderately wounded.
You hit the worm.
The worm is heavily wounded.
The worm bites you!
You slash the worm!
You kill the worm!
Lugonu accepts your kill.
HP restored.
h - 2 cyan potions A phantom comes into view.
Roll where?
Press: ? - help, Q - select action, (/) - cycle Dir - move target, f - phantom
Aim: a phantom You roll forward with a clatter of scales!
You slash the phantom!
Your tail-slap misses the phantom.
The phantom is moderately damaged.
The phantom hits you!
The phantom blinks!
You blink.
It was a potion of attraction.
You feel attractive to monsters. The phantom hits you.
It was a potion of haste.
You feel yourself speed up. The phantom hits you.
* * * LOW HITPOINT WARNING * * *
The phantom is attracted toward you. The phantom is attracted toward you.
You slash the phantom!
The phantom is heavily damaged.
The phantom hits you but does no damage.
You barely miss the phantom. You tail-slap the phantom.
The phantom is severely damaged.
The phantom hits you.
* * * LOW HITPOINT WARNING * * *
The phantom blinks!
You blink.
You completely miss the phantom.
Your tail-slap misses the phantom.
The phantom is severely damaged.
The phantom hits you.
You die...

##.. #.# #.# #+#
# ######.#
#......#
#########.#...###
.......@W........
#########.#...#
#.# # #.# #§#
#####§### #+#
#.......# #####
#.#
#.###.#.####...#
#.# #.#
#........#.###.#


You could see a phantom.

Vanquished Creatures
  A worm (D:2)
  2 dart slugs
  4 endoplasms (D:1)
  A giant cockroach (D:2)
  A quokka (D:1)
  5 ball pythons (D:1)
  2 bats (D:1)
  A frilled lizard (D:1)
  2 kobolds (D:1)
  2 rats (D:1)
21 creatures vanquished.

Notes
Turn   | Place    | Note
-------+----------+-------------------------------------------
     0 | Abyss:1  | SanguineChosen the Palentonga Abyssal Knight began the
                  | quest for the Orb.
     0 | Abyss:1  | Reached XP level 1. HP: 19/19 MP: 2/2
    43 | D:1      | Escaped the Abyss
    83 | D:1      | Reached * piety under Lugonu
   220 | D:1      | Reached XP level 2. HP: 25/25 MP: 3/3
  1109 | D:2      | Noticed a phantom
  1121 | D:2      | HP: 1/25 [phantom (6)]
  1122 | D:2      | Slain by a phantom

Illustrated notes

Levels and vault maps discovered:
D:1:      wander_arrival_estate, layout_basic, minmay_close_crescents
D:2:      layout_loops_corners, grunt_ministairs_9, minmay_ruptured

Action                   || total
-------------------------++-------
Melee: Falchion          ||    44
       Tailslap          ||     6
       Punch             ||     1
Invok: Depart the Abyss  ||     1
 Abil: Rolling Charge    ||    18
  Use: Potion            ||     2
Armor: Leather armour    ||    11
Dodge: Dodged            ||    12
